 Dungeon Crawl Stone Soup version 0.28.0-53-g5a82cb258f (webtiles) character file.

Game seed: 8063312433096670851

410 raph the Changer (level 6, 0/48 HPs)
             Began as a Draconian Transmuter on July 9, 2022.
             Killed by nerve-wracking pain
             ... invoked by Menkaure
              (2 damage)
             ... on level 4 of the Dungeon.
             The game lasted 00:05:50 (4419 turns).

raph the Changer (Draconian Transmuter)             Turns: 4419, Time: 00:05:51

Health: 0/48       AC: -4    Str: 12    XL:     6   Next: 58%
Magic:  9/9        EV: 12    Int: 16    God:
Gold:   107        SH:  0    Dex: 11    Spells: 3/9 levels left

rFire   . . .      SeeInvis .     - Unarmed
rCold   . . .      Faith    .   (no shield)
rNeg    . . .      Spirit   .   (armour unavailable)
rPois   .          Reflect  .   (helmet restricted)
rElec   .          Harm     .   b - +1 cloak
rCorr   .          Rampage  .   (no gloves)
Will    .....                   (no boots)
Stlth   +.........              (no amulet)
HPRegen 0.16/turn               (no ring)
MPRegen 0.11/turn               (no ring)

@: corroded
A: AC +6, unfitting armour, cold-blooded
a: no special abilities


You were on level 4 of the Dungeon.
You visited 1 branch of the dungeon, and saw 5 of its levels.

You collected 107 gold pieces.

Inventory:

Armour
 b - a +1 cloak (worn)
Scrolls
 h - 2 scrolls of fear
Potions
 a - a potion of ambrosia {unknown}
 d - 2 potions of curing
 e - a potion of resistance
 g - a potion of heal wounds
 i - a potion of lignification {unknown}


   Skills:
 - Level 1.7 Fighting
 - Level 2.1 Dodging
 - Level 3.5 Unarmed Combat
 - Level 2.2 Spellcasting
 * Level 5.4 Transmutations
 + Level 3.0 Poison Magic


You had 3 spell levels left.
You knew the following spells:

 Your Spells              Type           Power      Damage    Failure   Level
a - Beastly Appendage     Tmut           38%        N/A       2%          1
b - Wereblood             Tmut           19%        N/A       3%          2
c - Spider Form           Tmut/Pois      15%        N/A       11%         3

Your spell library contained the following spells:

 Spells                   Type           Power      Damage    Failure   Level
 Sting                    Tmut/Pois      60%        1d6       3%          1
 Poisonous Vapours        Pois/Air       12%        N/A       17%         2
 Magic Dart               Conj           4%         1d3       21%         1
 Call Imp                 Summ           1%         N/A       30%         2
 Ensorcelled Hibernation  Hex/Ice        2%         N/A       30%         2
 Sublimation of Blood     Necr           1%         N/A       30%         2
 Mephitic Cloud           Conj/Pois/Air  5%         N/A       38%         3
 Olgreb's Toxic Radiance  Pois           11%        N/A       50%         4
 Ice Form                 Ice/Tmut       10%        N/A       54%         4
 Anguish                  Hex/Necr       0%         N/A       90%         4
 Summon Hydra             Summ           0%         N/A       100%        7


Dungeon Overview and Level Annotations

Branches:
Dungeon (5/15)
 Temple: D:4-7

Altars:
Ru

Annotations:
D:4 Duvessa, Menkaure


Innate Abilities, Weirdness & Mutations

Your plain brown scales are hard. (AC +6)
You cannot fit into any form of body armour.
You are cold-blooded and may be slowed by cold attacks.


Message History

Casting: Spider Form (dangerous; 11% risk of failure)
Confirm with . or Enter, or press ? or * to list all spells.
You turn into a venomous arachnid creature.
Your +1 cloak melds into your body.
The jelly quivers.
The jelly hits you but does no damage.
You bite the jelly!
Your front legs burn!
The jelly is moderately wounded.
The jelly hits you. The acid corrodes you!
You are splashed with acid!
You are too injured to fight recklessly!
Your transformation is almost over.
Casting: Spider Form (dangerous; 26% risk of failure)
Confirm with . or Enter, or press ? or * to list all spells.
You miscast Beastly Appendage.
You are very lightly contaminated with residual magic.
Nothing appears to happen.
The jelly completely misses you. The jelly hits you. The acid corrodes you!
You are splashed with acid!
* * * LOW HITPOINT WARNING * * *
Your magical contamination has completely faded away.
Your transformation has ended.
Your +1 cloak unmelds from your body.
Okay, then.
You hear a distant slurping noise.
A jelly comes into view.
The jelly quivers.
You feel much better. The jelly barely misses you. The jelly hits you.
The acid corrodes you!
You are splashed with acid.
The jelly hits you.
You are splashed with acid!
* * * LOW HITPOINT WARNING * * *
You hear a distant slurping noise.
There is a stone staircase leading up here.
The jelly hits you.
* * * LOW HITPOINT WARNING * * *
You are splashed with acid!
* * * LOW HITPOINT WARNING * * *
You climb upwards.
Level annotation: Duvessa Menkaure gestures at you while chanting.
Pain shoots through your body!
You die...

...# ...#
...# ...
##.. #.. #J#
#@#
...........#
##.M...#####
.......
.##....
#.##. #. ##
.


You could see Menkaure and a jelly.

Vanquished Creatures
  A centaur (D:5)
  3 hounds (D:5)
  A bullfrog zombie (D:5)
  An iguana (D:5)
  3 orc wizards (D:3)
  5 adders
  A dart slug (D:3)
  3 orcs
  6 endoplasms
  4 giant cockroaches
  5 goblins
  3 hobgoblins (D:1)
  4 quokkas
  9 ball pythons
  7 bats
  3 frilled lizards
  2 kobolds
  8 rats
69 creatures vanquished.

Notes
Turn   | Place    | Note
-------+----------+-------------------------------------------
     0 | D:1      | raph the Draconian Transmuter began the quest for the Orb.
     0 | D:1      | Reached XP level 1. HP: 16/16 MP: 3/3
   297 | D:1      | Reached XP level 2. HP: 23/23 MP: 3/5
   647 | D:1      | Learned a level 2 spell: Wereblood
  1075 | D:1      | You fall into a shaft and drop 1 floor!
  1284 | D:2      | Found a sacrificial altar of Ru.
  1308 | D:2      | Reached XP level 3. HP: 25/28 MP: 4/6
  1366 | D:1      | Learned a level 3 spell: Spider Form
  1401 | D:1      | Found a faded altar of an unknown god.
  2411 | D:3      | Reached skill level 3 in Transmutations
  2411 | D:3      | Reached XP level 4. HP: 35/36 MP: 4/7
  2424 | D:3      | Reached skill level 1 in Poison Magic
  2541 | D:3      | Reached XP level 5. HP: 18/41 MP: 6/8
  3431 | D:3      | Reached skill level 4 in Transmutations
  3631 | D:4      | Noticed Duvessa
  3637 | D:5      | Entered Level 5 of the Dungeon
  4201 | D:5      | Reached XP level 6. HP: 48/48 MP: 7/9
  4239 | D:5      | Reached skill level 5 in Transmutations
  4418 | D:5      | HP: 2/48 [acid (9)]
  4419 | D:4      | Noticed Menkaure
  4419 | D:4      | Killed from afar by Menkaure

Illustrated notes

Levels and vault maps discovered:
D:1:      dpeg_arrival_arbitrary_b, layout_basic,
          shapermc_ecumenical_altar_acropolis
D:2:      layout_basic, basic_altar
D:3:      layout_loops_ring, minmay_misc_feat_x, kennysheep_boxes
D:4:      layout_rooms, nicolae_shop_firing_range, uniq_menkaure, uniq_duvessa
D:5:      layout_gridville, minmay_circle_x

Skill      XL: |  1  2  3  4  5  6 |
---------------+-------------------+-----
Dodging        | 2 |  2.1
Transmutations | 3 4 5 |  5.4
Poison Magic   | 1 2 3 |  3.0
Fighting       | |  1.7
Unarmed Combat | |  3.5
Spellcasting   | |  2.2

Action                   |  1- 3 |  4- 6 || total
-------------------------+-------+-------++-------
Melee: Unarmed           |   102 |    86 ||   188
       Kick              |    17 |    14 ||    31
       Headbutt          |     8 |     8 ||    16
       Tailslap          |     8 |     4 ||    12
       Punch             |     2 |     3 ||     5
 Cast: Beastly Appendage |    25 |    13 ||    38
       Wereblood         |     1 |     1 ||     2
       Spider Form       |       |     7 ||     7
  Use: Scroll            |       |    10 ||    10
       Potion            |       |     1 ||     1
 Stab: Sleeping          |     1 |       ||     1
Armor: Skin              |    30 |    24 ||    54
Dodge: Dodged            |    77 |    72 ||   149
